Map: Persephone LE

Players

IIIIIIIIIII - Winner!

  • Race: Terran Terran
  • League: Diamond
  • Spawn Location: 7:00

DvorakNZ

  • Race: Zerg Zerg
  • League: Diamond
  • Spawn Location: 11:00

VOD

Have the link to the VOD?

Description

Time

  • Played on: Oct. 2, 2025, 12:53 a.m.
  • Length: 26:51
Show
View Real Time Build Order
Export as new Build Order

IIIIIIIIIII Terran - Winner!

Build Orders:  

Get SALT Encoding   

  12  0:00  SCV  
  13  0:16  Supply Depot  
  13  0:17  SCV  
  14  0:27  Refinery  
  14  0:29  SCV  
  15  0:41  Barracks  
  15  0:46  SCV  
  16  0:58  SCV  
  17  1:10  SCV  
  18  1:22  SCV  
  19  1:28  Marine  
  20  1:34  SCV  
  21  1:42  Command Center  
  21  1:56  Marine  
  21  1:57  Factory  
  22  2:13  Bunker  
  22  2:19  Supply Depot  
  22  2:23  Barracks Tech Lab  
  22  2:24  Refinery  
  22  2:26  SCV  
  23  2:47  Widow Mine  
  25  2:51  Orbital Command  
  25  2:56  Marine  
  26  3:04  Armory  
  26  3:14  Widow Mine  
  28  3:28  SCV  
  28  3:31  Orbital Command  
  29  3:39  Starport  
  29  3:46  SCV  
  29  3:48  Barracks Reactor  
  30  3:52  Terran Vehicle Weapons Level 1  
  30  3:57  SCV  
  30  4:00  Drilling Claws, Widow Mine  
  34  4:02  SCV  
  34  4:10  SCV  
  34  4:14  SCV  
  36  4:17  Supply Depot  
  36  4:22  SCV  
  37  4:25  Widow Mine  
  37  4:30  SCV  
  40  4:36  SCV, Barracks Tech Lab, Refinery  
  40  4:37  Refinery  
  41  4:40  Medivac, Viking  
  41  4:43  SCV, Supply Depot  
  46  4:58  Thor  
  52  5:00  SCV x2  
  54  5:10  Supply Depot  
  54  5:12  SCV x2  
  56  5:24  SCV x2  
  33  6:20  Siege Tank  
  33  6:21  Liberator x2  
  38  6:27  Terran Vehicle Weapons Level 2  
  37  6:38  Marauder  
  26  7:55  SCV x2  
  28  8:07  SCV x2  
  28  8:08  Command Center  
  30  8:24  Factory Tech Lab  
  30  8:25  Supply Depot  
  30  8:31  Supply Depot  
  30  8:46  SCV x2  
  32  8:58  SCV x2  
  32  9:01  Terran Vehicle Weapons Level 3  
  34  9:10  SCV x2  
  36  9:23  SCV x2, Orbital Command, Refinery  
  38  9:25  Command Center  
  38  9:32  Command Center, Siege Tank  
  38  9:35  SCV x2  
  43  9:47  SCV x2  
  45  9:59  SCV x2, Factory  
  47  10:08  SCV  
  47  10:10  Factory, Starport Reactor  
  47  10:11  SCV x2  
  50  10:20  SCV  
  51  10:23  SCV x2  
  51  10:28  Siege Tank  
  56  10:32  SCV  
  56  10:35  SCV x2  
  59  10:44  SCV  
  59  10:47  SCV x2  
  62  10:56  SCV  
  63  11:05  Hellbat x2  
  63  11:07  Siege Tank x2  
  73  11:17  Factory  
  73  11:25  Viking x2  
  75  11:26  Hellbat x2  
  75  11:31  Orbital Command  
  81  11:33  SCV  
  81  11:39  Supply Depot  
  82  11:47  Hellbat  
  82  11:48  Hellbat  
  86  11:55  Viking x2  
  86  11:59  SCV  
  86  12:00  SCV x3  
  94  12:05  Refinery  
  94  12:06  Supply Depot  
  94  12:10  Refinery  
  94  12:11  SCV  
  94  12:12  Engineering Bay, SCV x3  
  98  12:21  Siege Tank, Factory Tech Lab  
  101  12:23  SCV  
  101  12:24  Terran Vehicle And Ship Armor Level 1  
  101  12:25  SCV x2  
  104  12:34  Viking  
  104  12:35  Siege Tank, Viking  
  111  12:41  Ghost Academy  
  111  12:43  Barracks Tech Lab  
  111  12:45  Orbital Command  
  111  12:55  Siege Tank  
  111  12:57  Refinery  
  114  13:01  Refinery  
  114  13:08  Hellbat  
  115  13:19  Siege Tank x2, Hellbat  
  123  13:21  Personal Cloaking, Supply Depot  
  123  13:22  Supply Depot  
  123  13:23  Supply Depot x2  
  123  13:24  Supply Depot  
  87  13:51  Hellbat x2  
  86  14:02  SCV  
  84  14:13  Hellbat x2  
  84  14:14  SCV, Planetary Fortress  
  89  14:21  Terran Vehicle And Ship Armor Level 2, Refinery  
  89  14:23  SCV  
  89  14:24  SCV  
  91  14:30  SCV  
  92  14:34  Hellbat  
  92  14:36  SCV x2  
  96  14:42  SCV  
  96  14:43  Thor  
  103  14:47  Thor  
  103  14:48  SCV x2  
  111  14:56  Starport  
  111  14:59  Starport Tech Lab  
  111  15:00  SCV x3  
  114  15:12  Thor  
  114  15:13  Command Center  
  120  15:15  Widow Mine x2  
  112  15:50  Orbital Command, Infernal Pre-Igniter  
  112  15:51  Siege Tank  
  112  15:52  Siege Tank  
  112  15:53  Raven  
  112  15:54  Liberator x2  
  126  16:02  Siege Tank  
  129  16:10  Factory  
  129  16:13  Factory  
  129  16:24  Siege Tank x2  
  110  17:06  Command Center  
  110  17:12  Command Center  
  110  17:13  Siege Tank x2, Factory Tech Lab  
  110  17:15  Command Center, Factory Tech Lab  
  116  17:21  Planetary Fortress  
  116  17:30  SCV x2  
  118  17:42  SCV x2  
  120  18:01  Ghost  
  122  18:09  Refinery  
  122  18:11  Refinery  
  113  18:25  Siege Tank  
  113  18:26  Siege Tank x3  
  125  18:30  Ghost  
  127  18:35  Neosteel Armor  
  127  18:51  Barracks  
  127  18:55  Barracks  
  127  18:59  Ghost  
  129  19:06  Orbital Command  
  129  19:12  SCV x2  
  131  19:20  Widow Mine x2  
  131  19:21  Widow Mine x2  
  139  19:27  Ghost  
  141  20:04  SCV x2  
  143  20:13  Missile Turret x2  
  143  20:15  Missile Turret  
  143  20:16  Missile Turret  
  143  20:19  Barracks  
  143  20:23  Missile Turret, SCV x3  
  145  20:35  SCV x3  
  148  20:40  Supply Depot x2  
  148  20:42  Supply Depot  
  148  20:47  Supply Depot  
  148  20:54  SCV x2, Thor  
  148  20:55  Supply Depot  
  156  21:00  SCV x2, Thor  
  156  21:01  Thor  
  170  21:09  Thor  
  176  21:12  SCV  
  176  21:18  Supply Depot  
  175  21:50  Terran Vehicle And Ship Armor Level 3  
  175  21:51  Hellbat x2  
  179  22:01  Command Center  
  179  22:13  Hellbat x2  
  183  22:33  Ghost  
  179  23:01  Ghost  
  181  23:30  Ghost  
  183  23:58  Ghost  
  132  24:20  Hellbat x3  
  132  24:21  Hellbat x4  
  146  24:27  Ghost  
  148  24:41  Hellbat  
  148  24:42  Siege Tank, Hellbat x5  
  143  25:03  Siege Tank x2, Hellbat x2  
  143  25:04  Hellbat x2  
  157  25:10  Ghost  
  159  25:15  Hellbat  
  159  25:19  Command Center  
  161  25:24  Hellbat x2  
  161  25:25  Hellbat x2  
  153  25:39  Ghost  
  140  26:07  Ghost  
Show
View Real Time Build Order
Export as new Build Order

DvorakNZ Zerg 

Build Orders: Hatch First 

Get SALT Encoding   

  12  0:00  Drone  
  13  0:13  Overlord  
  13  0:17  Drone  
  14  0:31  Drone x2  
  16  0:43  Drone  
  17  0:51  Hatchery  
  17  0:52  Extractor  
  17  0:55  Drone  
  16  0:59  Drone  
  17  1:15  Spawning Pool  
  16  1:20  Drone  
  16  1:21  Drone  
  18  1:30  Drone  
  19  1:39  Drone  
  20  2:02  Queen  
  20  2:03  Queen  
  20  2:06  Overlord  
  20  2:07  Drone  
  20  2:08  Drone  
  26  2:15  Evolution Chamber  
  25  2:16  Drone  
  25  2:21  Drone  
  27  2:31  Drone x2  
  27  2:34  Overlord  
  29  2:40  Zerg Missile Weapons Level 1  
  29  2:48  Drone x2  
  29  2:49  Drone  
  32  3:00  Overlord  
  32  3:10  Queen  
  34  3:13  Lair  
  34  3:15  Roach Warren  
  33  3:29  Drone  
  33  3:30  Drone x7  
  41  3:53  Extractor  
  40  4:02  Overlord  
  40  4:03  Overlord, Drone  
  40  4:07  Drone  
  40  4:08  Drone x2  
  44  4:11  Glial Reconstitution  
  44  4:23  Roach x8  
  60  4:29  Overlord x3  
  60  4:47  Roach  
  60  4:48  Roach x2  
  66  4:54  Roach  
  66  4:55  Roach x3  
  74  5:02  Roach  
  74  5:03  Roach  
  74  5:04  Drone  
  79  5:07  Spore Crawler  
  78  5:14  Roach x2  
  78  5:58  Drone  
  78  5:59  Drone x5  
  72  6:18  Drone x6  
  54  6:47  Spore Crawler  
  53  6:56  Spine Crawler  
  48  7:02  Hatchery  
  40  7:21  Roach  
  40  7:22  Roach x10  
  58  7:32  Queen  
  47  7:48  Drone  
  47  7:49  Drone x7  
  55  7:52  Queen  
  55  7:54  Zerg Ground Armor Level 1  
  57  8:04  Ravager x2  
  59  8:12  Drone x3  
  62  8:19  Drone  
  63  8:20  Drone x4  
  63  8:24  Metabolic Boost  
  67  8:27  Queen  
  67  8:32  Drone x2  
  67  8:33  Drone x2  
  73  8:34  Queen  
  75  8:50  Drone  
  75  8:51  Drone x6  
  75  8:55  Overlord  
  82  9:01  Drone  
  82  9:02  Drone x4  
  87  9:24  Drone  
  87  9:25  Drone x5  
  93  9:32  Drone  
  93  9:33  Drone x2  
  93  9:34  Extractor  
  93  9:37  Hydralisk Den  
  94  9:42  Extractor, Drone x3  
  96  9:48  Zerg Missile Weapons Level 2, Drone x2  
  96  9:51  Overlord x4  
  96  9:52  Overlord  
  98  10:28  Roach, Hydralisk x4  
  100  10:29  Hydralisk x6  
  120  10:45  Grooved Spines  
  120  11:00  Hydralisk x8  
  136  11:23  Drone  
  136  11:24  Overlord, Drone  
  136  11:25  Overlord x3  
  138  11:28  Extractor  
  138  11:29  Queen  
  138  11:30  Extractor  
  138  11:40  Overlord  
  138  11:41  Overlord x2, Hatchery  
  137  11:57  Evolution Chamber  
  137  11:59  Infestation Pit  
  135  12:01  Muscular Augments  
  135  12:02  Spore Crawler  
  135  12:04  Zerg Ground Armor Level 2  
  134  12:12  Zergling x2  
  135  12:16  Hydralisk x4  
  135  12:17  Hydralisk x5  
  135  12:18  Queen  
  155  12:38  Roach  
  155  12:39  Roach x6  
  169  13:13  Hydralisk x9  
  165  13:32  Hydralisk  
  165  13:33  Hydralisk x8  
  136  13:53  Hydralisk x6  
  122  13:58  Drone  
  122  13:59  Drone x3  
  122  14:19  Hive  
  122  14:26  Drone x8  
  130  14:38  Zergling x8  
  131  14:42  Zerg Melee Weapons Level 1  
  131  14:43  Neural Parasite  
  134  14:55  Hydralisk x8  
  134  14:56  Hydralisk x6  
  162  15:19  Baneling Nest  
  161  15:38  Zergling x2  
  161  15:39  Zergling x34  
  177  15:55  Zerg Missile Weapons Level 3  
  177  16:12  Centrifugal Hooks  
  177  16:15  Hatchery  
  176  16:27  Hatchery, Baneling  
  176  16:28  Baneling x5  
  157  16:53  Hydralisk  
  112  16:54  Hydralisk x21  
  112  16:55  Hydralisk x5  
  112  17:01  Drone x2  
  164  17:08  Queen  
  166  17:16  Extractor  
  166  17:18  Zerg Ground Armor Level 3, Extractor  
  166  17:22  Zergling x8  
  168  17:23  Zergling x16  
  168  17:25  Baneling  
  168  17:26  Baneling x12  
  176  17:50  Zergling x20  
  176  17:51  Viper x2, Zergling x2  
  187  17:55  Queen  
  167  18:36  Zerg Melee Weapons Level 2  
  167  18:45  Hydralisk  
  167  18:46  Hydralisk x10  
  189  19:17  Adrenal Glands  
  176  19:47  Zergling x6  
  176  19:48  Zergling x22  
  190  20:18  Baneling x7  
  190  20:21  Unknown  
  176  20:31  Spire  
  176  20:33  Spire  
  174  20:35  Extractor  
  174  20:37  Extractor x2  
  174  20:39  Extractor  
  168  20:54  Zerg Melee Weapons Level 3  
  162  21:09  Pneumatized Carapace  
  162  21:10  Burrow  
  162  21:23  Hatchery  
  161  21:32  Hatchery  
  161  21:38  Swarm Host x4  
  161  21:39  Swarm Host x6  
  181  21:40  Swarm Host x3  
  192  21:51  Greater Spire  
  192  21:53  Zerg Flyer Armor Level 1  
  192  22:18  Lurker Den  
  192  22:22  Ultralisk Cavern  
  189  23:05  Corruptor x2  
  189  23:06  Corruptor x4  
  192  23:13  Overseer x4  
  192  23:14  Overseer x3  
  192  23:28  Ultralisk  
  198  23:46  Brood Lord  
  148  24:08  Hydralisk  
  148  24:09  Hydralisk x16  
  109  24:10  Hydralisk x4  
  109  24:16  Seismic Spines  
  109  24:17  Chitinous Plating  
  129  24:18  Zerg Flyer Armor Level 2  
  129  24:23  Corruptor x9  
  153  24:34  Ultralisk  
  153  24:35  Ultralisk  
  113  24:55  Roach  
  113  24:56  Roach x26  
  167  25:01  Overlord x4  
  167  25:02  Overlord x2  
  165  25:11  Lurker x3  
  165  25:14  Lurker  
  91  25:44  Roach  
  91  25:45  Roach x22  
  91  25:46  Roach  
  135  25:52  Overseer  
  124  26:24  Roach x8  
  124  26:25  Roach x4  
Tags
 
Add a new tag
Caveats
  • Supply blocks, unpowered buildings, or Contaminate may cause inaccurate times.
  • Supply counts are checked every 10 seconds.